[Event "44th Chess Olympiad Open 2022"]
[Site "Chennai"]
[Date "2022.08.06"]
[Round "8.70"]
[White "Strovsky, Mikhail"]
[Black "Boidiya, Sidi"]
[Result "1-0"]
[WhiteElo "2158"]
[BlackElo "1997"]
[Annotator "NA RC"]
[PlyCount "125"]
[EventDate "2022.??.??"]
[TimeControl "60"]

1. e4 c5 2. Nf3 Nc6 3. Bb5 e6 4. O-O Nge7 5. Re1 a6 6. Bf1 d5 7. exd5 Nxd5 8. d4 Be7 9. c3 O-O 10. dxc5 Bxc5 11. Nbd2 Re8 12. Ne4 Be7 13. Nd4 Nxd4 14. Qxd4 Nf6 15. Nxf6+ Bxf6 16. Qxd8 Rxd8 17. Be3 e5 18. Bc4 Bf5 19. Rad1 Bc2 20. Rxd8+ Rxd8 21. h3 Bd3 22. Bxd3 Rxd3 23. Kf1 g6 24. Ke2 Rd7 25. Rd1 Rxd1 26. Kxd1 Kf8 27. Ke2 Ke7 28. Kd3 Ke6 29. Kc4 Be7 30. a4 f5 31. b4 f4 32. Bc5 Bd8 33.
f3 Bh4 34. Bg1 Be1 35. b5 h5 36. Kd3 axb5 37. axb5 Kf5 38. c4 Ba5 39. c5 Bc7 40. Bf2 g5 41. Bg1 g4 42. hxg4+ hxg4 43. Bf2 Bd8 44. fxg4+ Kxg4 45. Ke4 Bc7 46. Be1 Kg5 47. b6 Bb8 48. Bc3 Kf6 49. Be1 Kg5 50. Bc3 Kf6 51. Bb2 Ke6 52. Ba1 Kf6 53. Bc3 Ke6 54. Be1 Kd7 55. Kd5 e4 56. Kxe4 Kc6 57. Bf2 Kb5 58. Kd5 Kb4 59. c6 bxc6+ 60. Kxc6 Be5 61. Bc5+ Kc4 62. Bd6 Bd4 63. b7 1-0

[Event "44th Chess Olympiad Open 2022"]
[Site "Chennai"]
[Date "2022.08.06"]
[Round "8.70"]
[White "Mohamed Abderrahim, Taleb Mohamed"]
[Black "Tchouka, Yakini"]
[Result "1-0"]
[WhiteElo "2084"]
[BlackElo "1934"]
[Annotator "NA RC"]
[PlyCount "69"]
[EventDate "2022.??.??"]
[TimeControl "60"]

1. e4 c5 2. c3 Nf6 3. e5 Nd5 4. d4 cxd4 5. Nf3 Nc6 6. Bc4 Nb6 7. Bb3 d5 8.
exd6 Qxd6 9. O-O d3 10. Na3 Bf5 11. Nb5 Qd7 12. Bf4 Rc8 13.
Nxa7 e6 14. Nxc8 Qxc8 15. Nh4 Be4 16. Re1 Bd5 17. Qxd3 Be7 18.
Nf5 O-O 19. Nxe7+ Nxe7 20. Bd6 Re8 21. Bxe7 Rxe7 22. c4 Bc6 23. Rad1 Rd7 24. Qe3 Qc7 25. h3 g6 26. Rxd7 Nxd7 27. Bc2 Nf6 28. Qe5 Qe7 29. Rd1 Nd7 30. Qe3 Qb4 31. b3 Qa3 32. Be4 Bxe4 33.
Qxe4 Nc5 34. Qe5 Qa5 35. b4 1-0

[Event "44th Chess Olympiad Open 2022"]
[Site "Chennai"]
[Date "2022.08.06"]
[Round "8.70"]
[White "Cheikhna, Mohamed Lemine"]
[Black "Egbe, Kossi Thierry"]
[Result "0-1"]
[WhiteElo "1899"]
[BlackElo "1703"]
[Annotator "NA RC"]
[PlyCount "110"]
[EventDate "2022.??.??"]
[TimeControl "60"]

1. Nf3 d5 2. d4 Bf5 3. e3 Nf6 4. Bd3 Bg4 5. h3 Bh5 6. O-O e6 7. Nbd2 c5 8. c3 Nbd7 9. Re1 Be7 10. e4 dxe4 11. Nxe4 O-O 12. dxc5 Nxe4 13. Bxe4 Nxc5 14. Bc2 Qxd1 15. Rxd1 Rfd8 16. Be3 Bg6 17. Bxg6 hxg6 18. Bxc5 Bxc5 19. Ne5 Bd6 20. Nc4 Be7 21. Na5 Rab8 22. Kf1 Kf8 23. Ke2 Bd6 24. f3 Ke7 25. Nb3 Be5 26. Nc5 Bd6 27. Nb3 Bc7 28. Nc5 Bd6 29. Ne4 Bc7 30. Nf2 Bf4 31. Rxd8 Rxd8 32. Rd1 Rxd1 33. Nxd1 Kd6 34. Kd3 Ke5 35. Ne3 Bxe3 36. Kxe3 Kd5 37. b3 a5 38. a3 b5 39. Kd3 a4 40. bxa4 bxa4 41. f4 f6 42. g3 e5 43. c4+ Kc5 44. h4 e4+ 45.
Kxe4 Kxc4 46. f5 g5 47. h5 g4 48. Kf4 Kb3 49. Kxg4 Kxa3 50. Kf3 Kb4 51. g4 a3 52. g5 a2 53. h6 gxh6 54. gxh6 a1=Q 55.
h7 Qh1+ 0-1

[Event "44th Chess Olympiad Open 2022"]
[Site "Chennai"]
[Date "2022.08.06"]
[Round "8.70"]
[White "Amega-Dzaka, Komi Nukunu"]
[Black "Hassan Sidi Mohamed Cheikh"]
[Result "0-1"]
[WhiteElo "1639"]
[BlackElo "1825"]
[Annotator "NA RC"]
[PlyCount "97"]
[EventDate "2022.??.??"]
[TimeControl "60"]

1. d4 Nf6 2. Nf3 d5 3. Bf4 c5 4. e3 Nc6 5. c3 Qb6 6. Qb3 c4 7. Qxb6 axb6 8. Be2 Bf5 9. O-O h6 10. Nbd2 b5 11. a3 Nd7 12. Rfe1 Nb6 13.
Bd1 b4 14. cxb4 Nxb4 15. Ba4+ Rxa4 16. axb4 Rxb4 17. Ra2 g5 18. Bc7 Bg7 19. Bxb6 Rxb6 20. e4 Be6 21. Ne5 Bxe5 22. dxe5 O-O 23. exd5 Bxd5 24. Ra4 Rc8 25. Rb1 c3 26. bxc3 Rxb1+ 27. Nxb1 Be6 28. Rb4 Rd8 29. Rd4 Ra8 30. c4 Ra1 31. Rd1 Bxc4 32. Nc3 Rxd1+ 33. Nxd1 Kg7 34. g4 Be2 35. Ne3 b5 36. Nf5+ Kf8 37. Nd4 Bc4 38. Nc2 Ke8 39. f4 Kd7 40. Kf2 Kc6 41. Ke3 Kc5 42. fxg5 hxg5 43. Nd4 b4 44. Nf3 b3 45. Nd2 b2 46. Ke4 e6 47. Nb1 Ba2 48. Nd2 b1=Q+ 49. Nxb1 0-1

[Event "44th Chess Olympiad Open 2022"]
[Site "Chennai"]
[Date "2022.08.06"]
[Round "8.71"]
[White "Ayyad, Husain"]
[Black "Herrera, Adrian"]
[Result "1-0"]
[WhiteElo "2209"]
[BlackElo "1563"]
[Annotator "NA RC"]
[PlyCount "64"]
[EventDate "2022.??.??"]
[TimeControl "60"]

1. e4 e5 2. Nf3 Nc6 3. d4 exd4 4. Bc4 Nf6 5. e5 d5 6. Bb5 Ne4 7. Nxd4 Bc5 8. O-O Bd7 9. Bxc6 bxc6 10. Be3 Bb6 11. f3 Ng5 12. f4 Ne4 13.
Nd2 c5 14. N4f3 Nxd2 15. Qxd2 d4 16. Bf2 Bb5 17. Rfe1 Qd7 18.
e6 fxe6 19. Ne5 Qd5 20. a4 Bc6 21. Nxc6 a5 22. Rxe6+ Kd7 23.
Rae1 Rae8 24. Rxe8 Rxe8 25. Rxe8 Kxe8 26. Qe2+ Kd7 27. Ne5+ Kc8 28. Nc4 h5 29. b3 Qf5 30. Be1 g6 31. Bxa5 Bxa5 32. Qe8+ Kb7 1-0

[Event "44th Chess Olympiad Open 2022"]
[Site "Chennai"]
[Date "2022.08.06"]
[Round "8.71"]
[White "Volpinari, Danilo"]
[Black "Ayyad, Maher"]
[Result "0-1"]
[WhiteElo "1955"]
[BlackElo "2101"]
[Annotator "NA RC"]
[PlyCount "58"]
[EventDate "2022.??.??"]
[TimeControl "60"]

1. d4 d5 2. Bf4 Nf6 3. Nc3 g6 4. e3 Bg7 5. h4 c5 6. Be2 Qa5 7. Qd2 h5 8. Nf3 Bf5 9. O-O Nc6 10. Ne5 O-O 11. Rfd1 Rfd8 12. a3 Rac8 13. Nxc6 Rxc6 14. Bd3 cxd4 15. exd4 Bxd3 16. Qxd3 Rdc8 17. Bd2 Qd8 18. Re1 Ng4 19. f3 Nh6 20. Bg5 Nf5 21. g4 Bxd4+ 22. Kh1 Ng3+ 23. Kg2 Bxc3 24. Rxe7 Qd6 25. bxc3 Rxc3 26. Re8+ Rxe8 27. Qxc3 Re2+ 28. Kg1 Qb6+ 29. Be3 Rxe3 0-1

[Event "44th Chess Olympiad Open 2022"]
[Site "Chennai"]
[Date "2022.08.06"]
[Round "8.71"]
[White "Righi, Ezio"]
[Black "Al-Burshaid, Ebrahim"]
[Result "1-0"]
[WhiteElo "1912"]
[BlackElo "1702"]
[Annotator "NA RC"]
[PlyCount "77"]
[EventDate "2022.??.??"]
[TimeControl "60"]

1. e4 e5 2. Nf3 Nc6 3. Bb5 a6 4. Bxc6 dxc6 5. O-O Bg4 6.
h3 h5 7. d3 Qf6 8. Nbd2 Ne7 9. Nc4 Bxf3 10. Qxf3 Qxf3 11. gxf3 Ng6 12. Rd1 O-O-O 13. Kf1 f6 14. Ke2 c5 15. Be3 b6 16. c3 b5 17. Na5 Rd7 18. Rg1 Nh4 19. Nb3 g5 20. Nxc5 Bxc5 21. Bxc5 Rhd8 22. Rad1 Ng6 23. Be3 h4 24. d4 c6 25. b4 Re8 26. Rd2 Kc7 27. Ra1 Ra8 28.
a4 Kb7 29. Rda2 bxa4 30. Rxa4 Nf4+ 31. Bxf4 exf4 32. Ra5 Re7 33. Rf5 Re6 34. Kd3 Rd8 35. Raa5 Kb6 36. e5 fxe5 37. Raxe5 Rxe5 38. Rxe5 Rd5 39. Ke4 1-0

[Event "44th Chess Olympiad Open 2022"]
[Site "Chennai"]
[Date "2022.08.06"]
[Round "8.71"]
[White "Shaker, Musab"]
[Black "Berardi, Giancarlo"]
[Result "1-0"]
[WhiteElo "1705"]
[BlackElo "1757"]
[Annotator "NA RC"]
[PlyCount "45"]
[EventDate "2022.??.??"]
[TimeControl "60"]

1. d4 d5 2. Nf3 Nf6 3. Bf4 c5 4. e3 Bf5 5. c3 c4 6. Nbd2 Nc6 7. Be2 e6 8. Nh4 Bg6 9. Nxg6 hxg6 10. e4 Nh5 11. Be3 Nf6 12. O-O Nxe4 13.
Nxe4 Qh4 14. h3 Qxe4 15. b3 b5 16. a4 Na5 17. axb5 Nxb3 18.
Ra6 Qh4 19. b6 Qe7 20. Qc2 Kd8 21. Qa2 Kc8 22. Rxa7 Rxa7 23. bxa7 1-0

[Event "44th Chess Olympiad Open 2022"]
[Site "Chennai"]
[Date "2022.08.06"]
[Round "8.72"]
[White "Hsu, Hsuan-Ming"]
[Black "Dlamini Simphiwe"]
[Result "1-0"]
[WhiteElo "1900"]
[BlackElo "1569"]
[Annotator "NA RC"]
[PlyCount "83"]
[EventDate "2022.??.??"]
[TimeControl "60"]

1. e4 c6 2. Ne2 d5 3. e5 Bf5 4. Ng3 Bg6 5. h4 h6 6. h5 Bh7 7. e6 Qd6 8. exf7+ Kxf7 9. d4 Nd7 10. Bd3 Bxd3 11. Qxd3 e5 12. O-O e4 13. Qb3 Qb4 14. f3 Ngf6 15. Qxb4 Bxb4 16. fxe4 dxe4 17. c3 Bd6 18. Nxe4 Bc7 19. Bf4 Nxe4 20. Bxc7+ Ndf6 21. Na3 Rhe8 22. Be5 Re6 23. Rae1 Kg8 24. Bxf6 gxf6 25. g4 Rae8 26. Kg2 Kf7 27. Nc4 Ng5 28. Rxe6 Rxe6 29. Ne5+ Ke7 30. Nd3 Re4 31. Re1 f5 32. gxf5 Rxe1 33. Nxe1 Kf6 34. Kg3 Kxf5 35. Nd3 Ne6 36. Kh4 a6 37. Ne5 Kf6 38. Kg4 Nd8 39. Nd7+ Ke7 40. Nc5 Kf6 41. b4 b6 42. Nd7+ 1-0

[Event "44th Chess Olympiad Open 2022"]
[Site "Chennai"]
[Date "2022.08.06"]
[Round "8.72"]
[White "Yan, Austin K"]
[Black "Hlophe, Smilo"]
[Result "1-0"]
[WhiteElo "1568"]
[BlackElo "1731"]
[Annotator "NA RC"]
[PlyCount "71"]
[EventDate "2022.??.??"]
[TimeControl "60"]

1. b3 Nf6 2. Bb2 d5 3. e3 g6 4. Bxf6 exf6 5. d4 Bd6 6. Bd3 c5 7. c3 Nc6 8. Nd2 Be6 9. Ngf3 Qa5 10. dxc5 Qxc5 11. Rc1 O-O 12. O-O Rac8 13. Qe2 Qa5 14. Nb1 Ne5 15. Nxe5 fxe5 16. e4 f5 17. exd5 Bxd5 18. Rfd1 Bb8 19. Bb5 Bf7 20. c4 a6 21. Ba4 e4 22. Nd2 Qe5 23. Nf1 Rfd8 24. Bd7 Rc7 25. Bxf5 Rxd1 26. Rxd1 gxf5 27. Rd8+ Kg7 28. Rxb8 Rd7 29. Rc8 Qa1 30. g3 Rd1 31. Kg2 Re1 32. Qd2 Rxf1 33. Qg5+ Bg6 34. Rc7+ Kf8 35. Qe7+ Kg8 36. Qd8+ 1-0

[Event "44th Chess Olympiad Open 2022"]
[Site "Chennai"]
[Date "2022.08.06"]
[Round "8.72"]
[White "Nxumalo, Vuyo"]
[Black "Wu, Bing-Shen"]
[Result "0-1"]
[WhiteElo "1493"]
[BlackElo "1660"]
[Annotator "NA RC"]
[PlyCount "56"]
[EventDate "2022.??.??"]
[TimeControl "60"]

1. e4 d6 2. d4 Nf6 3. Bd3 Nc6 4. Ne2 Nb4 5. O-O Nxd3 6. Qxd3 g6 7. Nd2 Bg7 8. f4 O-O 9. e5 Nd5 10. c3 c5 11. Qf3 Be6 12. Ne4 cxd4 13.
exd6 dxc3 14. dxe7 Qxe7 15. N2xc3 Nxc3 16. Nxc3 Bc4 17. Rd1 Rfe8 18. Bd2 Qc5+ 19. Kh1 Rad8 20. Rac1 Rd3 21. Qxb7 Qd4 22. h3 Rxd2 23. Rxd2 Qxd2 24. Rd1 Re1+ 25. Rxe1 Qxe1+ 26. Kh2 Bd4 27. Qc8+ Kg7 28. Qxc4 Bg1+ 0-1

[Event "44th Chess Olympiad Open 2022"]
[Site "Chennai"]
[Date "2022.08.06"]
[Round "8.73"]
[White "Adu-Poku, Kwabena"]
[Black "Njau, Albert"]
[Result "1/2-1/2"]
[WhiteElo "1974"]
[BlackElo "1842"]
[Annotator "NA RC"]
[PlyCount "80"]
[EventDate "2022.??.??"]
[TimeControl "60"]

1. d4 Nf6 2. c4 e6 3. Nf3 b6 4. g3 Bb7 5. Bg2 Bb4+ 6. Bd2 a5 7. O-O O-O 8. a3 Be7 9. Nc3 Ne4 10. Qc2 Nxc3 11. Bxc3 f5 12. d5 Qc8 13. Nd4 g6 14. f4 c6 15. dxe6 dxe6 16. e4 Bc5 17. Kh1 Bxd4 18. Bxd4 c5 19. Bc3 Ra7 20. Rad1 Bc6 21. Rfe1 Rd7 22. exf5 exf5 23. b3 Re8 24. Bb2 Bxg2+ 25. Kxg2 Nc6 26. Kf2 Kf7 27. Bc3 Rxd1 28. Rxd1 Qe6 29. Rd3 Rd8 30. Rxd8 Nxd8 31. Qd3 Nc6 32. Qd5 Ke7 33. Be5 Qxd5 34. cxd5 Nd4 35. b4 axb4 36. axb4 Nc2 37. bxc5 bxc5 38. Ke2 Nb4 39. d6+ Ke6 40. Kd2 Nd5 1/2-1/2

[Event "44th Chess Olympiad Open 2022"]
[Site "Chennai"]
[Date "2022.08.06"]
[Round "8.73"]
[White "Mlawa, Hemed"]
[Black "Hasford, John Kojo"]
[Result "1/2-1/2"]
[WhiteElo "1896"]
[BlackElo "1976"]
[Annotator "NA RC"]
[PlyCount "86"]
[EventDate "2022.??.??"]
[TimeControl "60"]

1. d4 Nf6 2. Bf4 g6 3. Nc3 Bg7 4. e4 d6 5. Qd2 Nc6 6. O-O-O O-O 7. f3 Nh5 8. Bh6 e5 9. Bxg7 Kxg7 10. dxe5 dxe5 11. Qe3 Nd4 12. Nce2 c5 13. c3 Qc7 14. Kb1 Nxe2 15. Nxe2 Be6 16. g4 Nf4 17. Nxf4 exf4 18. Qc1 h6 19. c4 Qe5 20. b3 Rfd8 21. Be2 Rd4 22. Rxd4 cxd4 23. Qb2 Rd8 24. Bd3 Rd6 25. Rc1 Rc6 26. b4 a6 27. a3 b6 28. b5 axb5 29. cxb5 Rc3 30. Rxc3 dxc3 31. Qb4 Kh7 32. Kc2 h5 33. h3 Qg5 34. Qxc3 Qh4 35. Qd2 Qxh3 36. gxh5 Qxh5 37. Qxf4 Qc5+ 38. Kd2 Qxa3 39. Qh2+ Kg7 40. Qe5+ Kf8 41. Qb8+ Ke7 42. Qc7+ Kf6 43. Qf4+ Kg7 1/2-1/2

[Event "44th Chess Olympiad Open 2022"]
[Site "Chennai"]
[Date "2022.08.06"]
[Round "8.73"]
[White "Adu Jnr, Lionel"]
[Black "Veer Gandhi"]
[Result "1-0"]
[WhiteElo "1824"]
[BlackElo "1545"]
[Annotator "NA RC"]
[PlyCount "105"]
[EventDate "2022.??.??"]
[TimeControl "60"]

1. g3 d5 2. Bg2 e5 3. d4 exd4 4. Qxd4 Nf6 5. Bg5 Be7 6. Nc3 c6 7. Nf3 h6 8. Bxf6 Bxf6 9. Qb4 a5 10. Qb3 O-O 11. O-O Na6 12. a3 Nc5 13.
Qa2 Bf5 14. Rac1 Re8 15. e3 Qb6 16. Rfd1 Bxc3 17. bxc3 Ne4 18. Qb3 Qc5 19. Nd4 Bg6 20. Bxe4 Bxe4 21. Qxb7 Rec8 22. Qb2 Rab8 23. Qa1 Qc4 24. Nb3 Qe2 25. Nd4 Qh5 26. Rf1 c5 27. f3 Bg6 28. Ne2 Qe5 29. Nf4 Rb6 30. Kf2 Bf5 31. Rcd1 Rd6 32. Rd2 Re8 33. Re1 g5 34. Nd3 Qf6 35. Nxc5 Bg4 36. f4 Qg6 37. Qc1 Qh5 38. Kg1 Qh3 39. Nd3 Bf3 40. Ne5 Be4 41. Qd1 f5 42. Qe2 g4 43. c4 Rc8 44. cxd5 Rc3 45. Qb5 Rd8 46. Qxa5 Rdc8 47. Nc6 h5 48. Qxc3 h4 49. Ne7+ Kf7 50. Qxc8 hxg3 51. Qe6+ Kf8 52. Nxf5 gxh2+ 53. Rxh2 1-0

[Event "44th Chess Olympiad Open 2022"]
[Site "Chennai"]
[Date "2022.08.06"]
[Round "8.73"]
[White "Mdoe, Yusuf"]
[Black "Fomevor, Cephas Clinton"]
[Result "1-0"]
[WhiteElo "1722"]
[BlackElo "1830"]
[Annotator "NA RC"]
[PlyCount "158"]
[EventDate "2022.??.??"]
[TimeControl "60"]

1. c4 c6 2. g3 Nf6 3. Bg2 d5 4. cxd5 cxd5 5. d4 Nc6 6. Nc3 e6 7. Nf3 Bd6 8. O-O b6 9. Bg5 Bb7 10. e4 Be7 11. exd5 Nxd5 12. Nxd5 exd5 13. Bxe7 Nxe7 14. Re1 O-O 15. h4 Re8 16. Qd2 Rc8 17. Bh3 Rb8 18.
Qg5 h6 19. Qd2 Bc8 20. Bg2 Qd6 21. Re5 Be6 22. Ne1 Nc6 23. Re3 Rec8 24. a3 Na5 25. b3 Rc7 26. Nd3 Nxb3 27. Qb2 Nxa1 28. Qxa1 Rbc8 29. Qb2 Rc3 30. a4 Qa3 31. Qb5 Rb3 32. Qa6 Rc7 33. Kh2 Kh7 34. Rxe6 fxe6 35. Nf4 Qd6 36. Qe2 Ra3 37. Nxe6 Re7 38. Qc2+ Kg8 39. Qc8+ Kf7 40. Qf8+ Kg6 41. h5+ Kh7 42. Qf5+ Kh8 43. Bxd5 Rxe6 44. Bxe6 Rxa4 45. Qb5 Qxe6 46. Qxa4 a5 47. Qb5 Qf6 48. Qe8+ Kh7 49. Qe4+ Kg8 50. f4 Kf7 51. d5 Qd6 52. g4 b5 53. Kh3 b4 54. g5 b3 55. g6+ Kf8 56. Qf5+ Ke8 57. Qf7+ Kd8 58. Qg8+ Kc7 59. Qxg7+ Qd7+ 60.
Qxd7+ Kxd7 61. g7 b2 62. g8=Q b1=Q 63. Qe6+ Kd8 64. Qf6+ Kd7 65. Qe6+ Kd8 66. d6 Qh1+ 67. Kg4 Qg2+ 68. Kf5 Qh3+ 69. Kf6 Qh4+ 70. Kg6 Qg3+ 71. Kh7 Qh4 72. Qxh6 a4 73. Qg5+ Qxg5 74. fxg5 a3 75. g6 a2 76. g7 a1=Q 77. g8=Q+ Kd7 78. Qg7+ Qxg7+ 79. Kxg7 Kxd6 1-0

[Event "44th Chess Olympiad Open 2022"]
[Site "Chennai"]
[Date "2022.08.06"]
[Round "8.74"]
[White "Prudente, Elmer"]
[Black "Amba Oyon Marius Claude"]
[Result "1-0"]
[WhiteElo "1995"]
[BlackElo "1938"]
[Annotator "NA RC"]
[PlyCount "79"]
[EventDate "2022.??.??"]
[TimeControl "60"]

1. e4 c5 2. Nf3 e6 3. d4 cxd4 4. Nxd4 a6 5. c4 Qc7 6. Nc3 Nf6 7. a3 Be7 8. Be2 Nc6 9. Be3 b6 10. O-O h5 11. h3 Bb7 12. Qc2 Rc8 13.
Rac1 Qb8 14. Nxc6 Bxc6 15. Qd3 h4 16. b4 Ba8 17. Rfd1 Rd8 18.
Qd4 e5 19. Qxb6 Qxb6 20. Bxb6 Rb8 21. Bc7 Rc8 22. Bxe5 O-O 23. Bxf6 Bxf6 24. Rxd7 Bxc3 25. Rxc3 Bxe4 26. Ra7 Rc6 27. c5 Rg6 28. f3 Bf5 29. Bxa6 Bxh3 30. Rc2 Bf5 31. Rd2 Re8 32. Bc4 Rf6 33. Kf2 Bg6 34. b5 h3 35. gxh3 Bh5 36. Rd3 Re4 37. Bd5 Re8 38. b6 Rd8 39. Bxf7+ Bxf7 40. Rxd8+ 1-0

[Event "44th Chess Olympiad Open 2022"]
[Site "Chennai"]
[Date "2022.08.06"]
[Round "8.74"]
[White "Zebaze Dongmo Loic Dylane"]
[Black "Soriano, Rudolph P."]
[Result "1-0"]
[WhiteElo "1837"]
[BlackElo "1824"]
[Annotator "NA RC"]
[PlyCount "131"]
[EventDate "2022.??.??"]
[TimeControl "60"]

1. d4 Nf6 2. Bf4 d6 3. e3 g6 4. Nd2 c6 5. c3 Bg7 6. Ngf3 h6 7. Qb3 Qb6 8. h3 Be6 9. Qc2 Na6 10. Bd3 c5 11. O-O c4 12. Nxc4 Qc7 13.
Ncd2 Rc8 14. Rfe1 Nd5 15. Bg3 Ndb4 16. Bb5+ Bd7 17. Bxd7+ Qxd7 18. Qb3 Nc6 19. e4 O-O 20. e5 d5 21. Re2 e6 22. Nf1 Na5 23. Qd1 Nb8 24. Ne3 Qd8 25. Bh4 g5 26. Bg3 Nd7 27. Nh2 Nc6 28.
Qd3 Ne7 29. Rf1 f5 30. exf6 Nxf6 31. Neg4 Ne4 32. Be5 Ng6 33.
Bxg7 Nf4 34. Qe3 Nxe2+ 35. Qxe2 Kxg7 36. f3 Nf6 37. Ne5 Nh5 38. Qc2 Qe8 39. Nhg4 Ng3 40. Re1 Nf5 41. Qe2 h5 42. Ne3 Rf6 43. Nd3 Nxe3 44. Qxe3 Qg6 45. Ne5 Qf5 46. Qe2 Rc7 47. Qb5 Rf8 48. Qb4 Qf6 49. Qa4 Qd8 50. Qxa7 g4 51. hxg4 Qh4 52. Re2 Rf4 53. Qa4 b5 54. Qxb5 Rxd4 55. Nd3 Rdc4 56. Rxe6 hxg4 57. Qe8 Qg5 58. f4 Qf5 59. Ne5 Qb1+ 60. Kh2 g3+ 61. Kxg3 Qe1+ 62. Kg4 Qe2+ 63. Kg5 Qxg2+ 64. Ng4 R4c6 65. Qg6+ Kf8 66. Qg7+ 1-0

[Event "44th Chess Olympiad Open 2022"]
[Site "Chennai"]
[Date "2022.08.06"]
[Round "8.75"]
[White "Nevska, Gerda"]
[Black "Paiva, Donaldo"]
[Result "0-1"]
[WhiteElo "1840"]
[BlackElo "2191"]
[Annotator "NA RC"]
[PlyCount "54"]
[EventDate "2022.??.??"]
[TimeControl "60"]

1. c4 c5 2. Nc3 Nc6 3. g3 g6 4. Bg2 Bg7 5. e4 e6 6. Nge2 Nge7 7. O-O a6 8. d3 Rb8 9. Be3 Nd4 10. Qc1 O-O 11. Bh6 Nec6 12. Bxg7 Kxg7 13. Qd2 b5 14. Nxd4 cxd4 15. Ne2 bxc4 16. dxc4 e5 17. Rab1 a5 18. a3 a4 19. Qd1 Qa5 20. b4 axb3 21. Rxb3 Ba6 22. Rxb8 Rxb8 23. Bh3 Bxc4 24. Bxd7 d3 25. Nf4 d2 26. Bxc6 Bxf1 27. Nd5 Be2 0-1

[Event "44th Chess Olympiad Open 2022"]
[Site "Chennai"]
[Date "2022.08.06"]
[Round "8.75"]
[White "Napoleao, Lourenco"]
[Black "Brookfield, Toby"]
[Result "1-0"]
[WhiteElo "1778"]
[BlackElo "1815"]
[Annotator "NA RC"]
[PlyCount "47"]
[EventDate "2022.??.??"]
[TimeControl "60"]

1. e4 c5 2. Nf3 g6 3. d4 cxd4 4. Qxd4 Nf6 5. e5 Nc6 6. Qa4 Nd5 7. Qb3 Nc7 8. Nc3 Bg7 9. Bf4 Ne6 10. Bg3 a6 11. O-O-O b5 12. h4 h5 13. Ne4 Bb7 14. Neg5 Qc7 15. Kb1 Rc8 16. Bd3 Na5 17. Qb4 Nc4 18.
Rhe1 Qb6 19. Bxc4 Rxc4 20. Qd2 Rc7 21. Nxe6 Qxe6 22. Ng5 Qc6 23. e6 fxe6 24. Nxe6 1-0

[Event "44th Chess Olympiad Open 2022"]
[Site "Chennai"]
[Date "2022.08.06"]
[Round "8.76"]
[White "Hussain, Hashem"]
[Black "Thomas, Larry"]
[Result "1/2-1/2"]
[WhiteElo "1757"]
[BlackElo "1317"]
[Annotator "NA RC"]
[PlyCount "90"]
[EventDate "2022.??.??"]
[TimeControl "60"]

1. e4 c6 2. d4 d5 3. Nc3 dxe4 4. Nxe4 Nf6 5. Nxf6+ exf6 6. c3 Bd6 7. Bd3 h5 8. Ne2 Bg4 9. h3 Be6 10. Nf4 Bxf4 11. Bxf4 Nd7 12. Qe2 g6 13. Bxg6 fxg6 14. Qxe6+ Qe7 15. Qxe7+ Kxe7 16. O-O-O Kf7 17. d5 cxd5 18. Rxd5 Nb6 19. Rd4 Rad8 20. Rhd1 Rxd4 21. Rxd4 Re8 22. Be3 Re7 23. Kc2 g5 24. b3 Nd7 25. Rc4 Ne5 26. Rc8 Nc6 27. Rh8 Kg6 28.
h4 Rg7 29. hxg5 fxg5 30. a4 a6 31. b4 Ne7 32. Rd8 Nf5 33. Bc5 h4 34. Kd3 g4 35. Ke4 h3 36. gxh3 gxh3 37. Rd1 Rh7 38. Rh1 Rh4+ 39. Kf3 Rh7 40. Be3 Rc7 41. Bd2 Rd7 42. Be1 Rh7 43. Ke2 Kg5 44. f3 Kf4 45. Kf2 Rh8 1/2-1/2

[Event "44th Chess Olympiad Open 2022"]
[Site "Chennai"]
[Date "2022.08.06"]
[Round "8.76"]
[White "Bridet, Robert"]
[Black "Hashem, Khaled"]
[Result "0-1"]
[WhiteElo "1497"]
[BlackElo "1870"]
[Annotator "NA RC"]
[PlyCount "106"]
[EventDate "2022.??.??"]
[TimeControl "60"]

1. e4 c6 2. d4 d5 3. exd5 cxd5 4. Bd3 Nf6 5. Nf3 Nc6 6. O-O Bg4 7. c3 Qc7 8. Nbd2 e6 9. h3 Bh5 10. Re1 Be7 11. Nf1 O-O 12. Ng3 Bg6 13.
Bxg6 hxg6 14. Qd3 Bd6 15. Ng5 a6 16. Bd2 b5 17. h4 a5 18. Nh3 b4 19. Bg5 Nh7 20. h5 Nxg5 21. Nxg5 Bf4 22. Nh3 Bxg3 23. fxg3 Ne7 24. Re5 bxc3 25. bxc3 Rac8 26. Rc1 Qc4 27. Qc2 Nc6 28. Re2 Nxd4 29. cxd4 Qxd4+ 30. Kh2 Rxc2 31. Rcxc2 gxh5 32. Red2 Qe5 33.
Nf4 h4 34. Rf2 hxg3+ 35. Kxg3 g5 36. Kh2 gxf4 37. Rf3 Rb8 38.
Rcf2 Rb2 39. Rxb2 Qxb2 40. Rxf4 Qxa2 41. Kh3 a4 42. g4 Qc4 43. Rf3 Qb3 44. Kg3 Qxf3+ 45. Kxf3 a3 46. Kf4 e5+ 47. Kxe5 f5 48. gxf5 Kf7 49. f6 d4 50. Kxd4 a2 51. Ke4 Ke6 52. f7 Ke7 53. f8=Q+ Kxf8 0-1

[Event "44th Chess Olympiad Open 2022"]
[Site "Chennai"]
[Date "2022.08.06"]
[Round "8.78"]
[White "Isam, Gaith"]
[Black "Jones, Rupert"]
[Result "1/2-1/2"]
[WhiteElo "1828"]
[BlackElo "1766"]
[Annotator "NA RC"]
[PlyCount "98"]
[EventDate "2022.??.??"]
[TimeControl "60"]

1. e4 c5 2. Nc3 Nc6 3. f4 d6 4. Nf3 a6 5. a4 e6 6. g3 d5 7. e5 Nge7 8. Bg2 Nf5 9. d3 Be7 10. O-O O-O 11. Ne2 Bd7 12. c3 b5 13. g4 Nh6 14. g5 Nf5 15. Ng3 Nxg3 16. hxg3 Rb8 17. Kf2 f6 18. gxf6 gxf6 19. Rh1 fxe5 20. axb5 axb5 21. Ra6 Rb6 22. Nxe5 Nxe5 23. Qh5 Nxd3+ 24. Ke3 Rf7 25. Rxb6 Qxb6 26. Kxd3 b4 27. Kd2 bxc3+ 28.
bxc3 Qb3 29. Bf1 Bf6 30. Bd3 Bxc3+ 31. Ke2 Bb5 32. Qg5+ Bg7 33. Bxb5 Qxb5+ 34. Kf2 Qd3 35. Re1 Qc2+ 36. Kf3 Qf5 37. Qd8+ Rf8 38. Qe7 e5 39. Qxc5 e4+ 40. Kg2 Rd8 41. Be3 Rc8 42. Qb5 Qh5 43. Kg1 Qf7 44. Rd1 d4 45. Bxd4 Bxd4+ 46. Rxd4 Rc1+ 47. Kg2 Qa2+ 48. Kh3 Qe6+ 49. Kg2 Qa2+ 1/2-1/2

[Event "44th Chess Olympiad Open 2022"]
[Site "Chennai"]
[Date "2022.08.06"]
[Round "8.78"]
[White "McCoy, Tom"]
[Black "Miswadah, Baha"]
[Result "0-1"]
[WhiteElo "1812"]
[BlackElo "1985"]
[Annotator "NA RC"]
[PlyCount "98"]
[EventDate "2022.??.??"]
[TimeControl "60"]

1. e4 c5 2. Nf3 e6 3. d4 cxd4 4. Nxd4 a6 5. Nc3 Qc7 6. Be2 b5 7. a3 Bb7 8. O-O Nf6 9. Qd3 Nc6 10. Nxc6 dxc6 11. f4 c5 12. Bf3 h5 13. e5 c4 14. Qe2 Bc5+ 15. Be3 Ng4 16. Bxg4 hxg4 17. Bxc5 Qxc5+ 18. Qf2 Qxf2+ 19. Rxf2 Rd8 20. Rd1 Rxd1+ 21.
Nxd1 f5 22. Rd2 Ke7 23. Ne3 g5 24. fxg5 Rh5 25. g6 Rg5 26.
g3 Rxg6 27. Rd6 Rg8 28. Ng2 Bxg2 29. Kxg2 Rc8 30. Kf2 Rc5 31. Rxa6 Rxe5 32. Ra5 c3 33. bxc3 Rc5 34. a4 Rxc3 35. Rxb5 Rxc2+ 36. Kg1 Ra2 37. a5 Kd6 38. Kh1 Rc2 39. a6 Ra2 40. Rb6+ Kd5 41. Kg1 e5 42. Rf6 Ke4 43. Re6 Kf3 44. h4 Kxg3 45. Kf1 Kxh4 46. Rxe5 f4 47. Re4 f3 48. Ke1 Rxa6 49. Kf2 Ra2+ 0-1

[Event "44th Chess Olympiad Open 2022"]
[Site "Chennai"]
[Date "2022.08.06"]
[Round "8.78"]
[White "Shawabke Ziyad"]
[Black "Fancy, Stuart"]
[Result "1/2-1/2"]
[WhiteElo "1786"]
[BlackElo "1984"]
[Annotator "NA RC"]
[PlyCount "106"]
[EventDate "2022.??.??"]
[TimeControl "60"]

1. c4 d6 2. d4 Nd7 3. Nf3 e5 4. Nc3 c6 5. e4 Be7 6. Be2 Ngf6 7. O-O Qc7 8.
h3 h6 9. Be3 g5 10. Nh2 Nf8 11. c5 dxc5 12. dxe5 N6d7 13. f4 gxf4 14. Bxf4 Ng6 15. Bh5 Ndxe5 16. Bxg6 fxg6 17. Qb3 Bd6 18.
Bxe5 Bxe5 19. Nf3 Bg7 20. e5 Qe7 21. Ne4 c4 22. Qxc4 Be6 23.
Qc3 O-O 24. Nf6+ Bxf6 25. exf6 Rxf6 26. Qe3 Qg7 27. Rfd1 Bd5 28. Nd4 Raf8 29. b3 Kh7 30. Rac1 R8f7 31. Rf1 Re7 32. Qd2 Rd6 33. Qf4 Red7 34. Nf3 Rf6 35. Ng5+ hxg5 36. Qxf6 Qxf6 37. Rxf6 Re7 38. Rf2 Re4 39. Kf1 g4 40. Re1 gxh3 41. gxh3 Rb4 42. Kg1 a5 43. Re7+ Kh6 44. Rf8 a4 45. h4 g5 46. hxg5+ Kg6 47. Re5 axb3 48. Rf6+ Kh5 49. Rh6+ Kg4 50. axb3 Rxb3 51. g6 Kf4 52. Reh5 Rb1+ 53. Kf2 Rb2+ 1/2-1/2